 Dungeon Crawl Stone Soup version 0.19-a0-1493-gd0fcaa6 (webtiles) character file.

179 roguesci the Grasshopper (level 5, 0/41 HPs)
             Began as a Demonspawn Warper on Sept 9, 2016.
             Slain by a gnoll
             ... wielding a +0 whip
              (6 damage)
             ... on level 2 of the Dungeon.
             The game lasted 00:08:07 (3806 turns).

roguesci the Grasshopper (Demonspawn Warper)        Turns: 3806, Time: 00:08:08

Health: 0/41       AC:  7    Str: 11    XL:     5   Next: 33%
Magic:  8/8        EV: 12    Int: 15    God:
Gold:   164        SH:  3    Dex: 13    Spells: 3 memorised, 4 levels left

rFire  . . .     SeeInvis .     l - +0 rapier
rCold  . . .     Gourm    .     b - +0 leather armour
rNeg   + . .     Faith    .     j - +0 buckler
rPois  .         Spirit   .     (no helmet)
rElec  .         Dismiss  .     p - +0 cloak
rCorr  .         Reflect  .     s - +0 pair of gloves
MR     .....     Harm     .     (no boots)
Stlth  +.........               (no amulet)
                                (no ring)
                                k - ring of positive energy

@: no status effects
A: icy blue scales 1
a: no special abilities


You were on level 2 of the Dungeon.
You were hungry.

You visited 1 branch of the dungeon, and saw 3 of its levels.

You collected 164 gold pieces.

Inventory:

Hand Weapons
 l - a +0 rapier (weapon)
Missiles
 e - 5 tomahawks of dispersal (quivered)
Armour
 b - a +0 leather armour (worn)
 d - a +2 pair of gloves
 j - a +0 buckler (worn)
 p - a +0 cloak (worn)
 s - a +0 pair of gloves (worn)
Jewellery
 k - a ring of positive energy (left hand)
Scrolls
 g - 2 scrolls of identify
 h - a scroll of teleportation
 m - a scroll of immolation {unknown}
 o - 2 scrolls of magic mapping
 r - 2 scrolls of random uselessness {unknown}
Potions
 a - a potion of haste {unknown}
 n - a potion of ambrosia
Books
 c - a book of Spatial Translocations

   Spells                             Type                      Level
   a - Apportation                    Translocation                1
   b - Blink                          Translocation                2
   c - Shroud of Golubria             Charms/Translocation         2
   d - Portal Projectile              Translocation                3
   e - Teleport Other                 Translocation                3
   f - Passage of Golubria            Translocation                4
Comestibles
 f - 3 bread rations
 i - 2 meat rations
 q - 8 fruits


   Skills:
 + Level 3.0 Fighting
   Level 2.2 Long Blades
 - Level 0.8 Throwing
 + Level 1.4 Armour
 * Level 2.9 Dodging
 + Level 0.8 Shields
 + Level 2.5 Spellcasting
 * Level 3.4 Translocations


You had 4 spell levels left.
You knew the following spells:

 Your Spells              Type           Power        Failure   Level  Hunger
a - Apportation           Tloc           ##........   12%         1    #......
b - Shroud of Golubria    Chrm/Tloc      #.........   34%         2    ###....
c - Blink                 Tloc           N/A          17%         2    ###....


Dungeon Overview and Level Annotations

Branches:
Dungeon (3/15)

Altars:


Innate Abilities, Weirdness & Mutations

You are partially covered in icy blue scales. (AC +2)


Message History

You are too injured to fight recklessly!
You are too injured to fight recklessly!
You are too injured to fight recklessly!
You are too injured to fight recklessly!
You are too injured to fight recklessly!
You are too injured to fight recklessly!
There is an escape hatch in the ceiling here.
The gnoll barely misses you. A mysterious force pulls you upwards.
The hatch slams shut behind you.
You are too injured to fight recklessly!
You are too injured to fight recklessly!
You hit the gnoll.
The gnoll is heavily wounded.
The gnoll hits you but does no damage.
You hit the gnoll.
The gnoll is severely wounded.
The gnoll hits you with a whip.
* * * LOW HITPOINT WARNING * * *
The gnoll hits you with a whip.
You die...

.##.....# ##.# รท......(##
#### #..#
.........####..## ##.##
...........##...#######..#
..#.....<#..#...........##
.........##.........#####
..#..##..##.........#
..##.###.##.#..g...>##
..##........#...@....#
...##...............##
##[##.......[########
##..#........# ######
##..#.......## #....#
.##.........# #....#
.##.#.......# #....#
.##.#.......####....#
.#..................#


You could see a gnoll.

Vanquished Creatures
  Crazy Yiuf (D:2)
  3 adders
  3 gnolls (D:3)
  An ooze (D:2)
  3 worms
  2 dart slugs
  A giant gecko (D:3)
  9 orcs (D:3)
  4 giant cockroaches
  6 goblins
  8 hobgoblins
  2 jackals (D:1)
  2 quokkas (D:2)
  2 ball pythons
  4 bats
  7 giant newts
  7 kobolds
  9 rats
74 creatures vanquished.

Notes
Turn   | Place    | Note
-------+----------+-------------------------------------------
     0 | D:1      | roguesci the Demonspawn Warper began the quest for the Orb.
     0 | D:1      | Reached XP level 1. HP: 16/16 MP: 3/3
    87 | D:1      | Reached skill level 1 in Armour
   304 | D:1      | Gained mutation: You are partially covered in icy blue scales. (AC +2) [demonic ancestry]
   304 | D:1      | Reached XP level 2. HP: 22/22 MP: 5/5
   978 | D:2      | Learned a level 2 spell: Shroud of Golubria
   981 | D:2      | Learned a level 2 spell: Blink
  1027 | D:2      | Reached XP level 3. HP: 28/28 MP: 4/6
  1067 | D:2      | Found a runed door.
  1623 | D:2      | Noticed Crazy Yiuf
  1634 | D:2      | Killed Crazy Yiuf
  1634 | D:2      | Reached XP level 4. HP: 11/34 MP: 5/7
  3049 | D:3      | Reached XP level 5. HP: 19/40 MP: 3/8
  3806 | D:2      | Slain by a gnoll

Vault maps used:
D:1:      dpeg_arrival_boxorama
D:2:      uniq_crazy_yiuf_cottage
D:3:      guppyfry_early_lair_pool

Skill      XL: |  1  2  3  4  5 |
---------------+----------------+-----
Armour         | 1 |  1.4
Dodging        | 2 |  2.9
Long Blades    | 2 |  2.2
Translocations | 3 |  3.4
Fighting       | 3 |  3.0
Throwing       | |  0.8
Shields        | |  0.8
Spellcasting   | |  2.5

Action                   |  1- 3 |  4- 6 || total
-------------------------+-------+-------++-------
Melee: Falchion          |   145 |       ||   145
       Rapier            |       |   181 ||   181
 Cast: Shroud of Golubri |     2 |     3 ||     5
  Use: Scroll            |     6 |     1 ||     7
       Potion            |     1 |     2 ||     3
  Eat: Chunk             |     2 |     6 ||     8
       Beef jerky        |       |     2 ||     2
Armor: Leather armour    |    28 |    74 ||   102
       Ring mail         |     3 |       ||     3
Dodge: Dodged            |    75 |   127 ||   202
Block: Buckler           |     1 |    32 ||    33
